 Dungeon Crawl Stone Soup version 0.28-a0-628-g3c9886e45e (webtiles) character file.

Game seed: 11853719161359636917

25 AttackTheMoon the Sneak (level 2, 0/13 HPs)
             Began as a Spriggan Earth Elementalist on Oct 8, 2021.
             Was a Follower of Vehumet.
             Killed from afar by Sigmund (2 damage)
             ... with a magic dart
             ... on level 2 of the Dungeon.
             The game lasted 00:01:47 (1554 turns).

AttackTheMoon the Sneak (SpEE)                      Turns: 1554, Time: 00:01:48

Health: 0/13       AC:  2    Str:  4    XL:     2   Next: 82%
Magic:  3/7        EV: 32    Int: 16    God:    Vehumet [*.....]
Gold:   108        SH:  0    Dex: 15    Spells: 6/7 levels left

rFire   . . .      SeeInvis +   i - +0 dagger
rCold   . . .      Faith    .   (shield restricted)
rNeg    . . .      Spirit   .   b - +0 robe
rPois   .          Reflect  .   (helmet restricted)
rElec   .          Harm     .   (no cloak)
rCorr   .          Rampage  .   (gloves unavailable)
Will    .....                   (boots unavailable)
Stlth   ++........              a - amulet of the acrobat
HPRegen 0.04/turn               (no ring)
MPRegen 0.10/turn               (no ring)

@: acrobatic, very quick
A: very small, no large weapons, unfitting armour, see invisible, speed 3
a: Renounce Religion


You were on level 2 of the Dungeon.
You worshipped Vehumet.
Vehumet was aware of your devotion.
You visited 1 branch of the dungeon, and saw 2 of its levels.

You collected 108 gold pieces.

Inventory:

Hand Weapons
 e - a +0 hunting sling
 i - a +0 dagger (weapon)
Missiles
 c - 9 stones
Armour
 b - a +0 robe (worn)
Jewellery
 a - an amulet of the acrobat (around neck)
 d - an amulet of faith
Scrolls
 f - a scroll of magic mapping {unknown}
 g - a scroll of identify {unknown}
 h - a scroll of torment {unknown}
 j - a scroll of immolation {unknown}


   Skills:
 + Level 3.1 Dodging
 + Level 3.5 Stealth
 + Level 3.0 Spellcasting
 + Level 2.6 Transmutations
 - Level 2.6 Earth Magic


You had 6 spell levels left.
You knew the following spells:

 Your Spells              Type           Power      Damage    Failure   Level
a - Sandblast             Erth           22%        2d7       6%          1

Your spell library contained the following spells:

 Spells                   Type           Power      Damage    Failure   Level
 Foxfire                  Conj/Fire      8%         2x1d4     19%         1
 Passwall                 Tmut/Erth      8%         N/A       10%         2
 Stone Arrow              Conj/Erth      12%        3d7       32%         3
 Petrify                  Tmut/Erth      10%        N/A       52%         4


Dungeon Overview and Level Annotations

Branches:
Dungeon (2/15)

Altars:
Vehumet

Annotations:
D:2 Sigmund


Innate Abilities, Weirdness & Mutations

You are very small and have problems with some larger weapons.
You are too small for most types of armour.
You have supernaturally acute eyesight. (SInv)
You cover ground extremely quickly. (Speed+++)


Message History

You cannot tell which god this altar belongs to.
Convert to them anyway? [Y]es or [N]o only, please.
You cannot tell which god this altar belongs to.
Convert to them anyway?
Vehumet accepts your prayer! Vehumet welcomes you!
You can now gain magical power from killing.
Vehumet offers you knowledge of Foxfire.
Done exploring.
There is a stone staircase leading down here.
You climb downwards.
There is a stone staircase leading up here.
Found 11 stones.
Found a stone staircase leading up.
The helpless Sigmund fails to defend himself.
You puncture Sigmund!
Sigmund is moderately wounded.
Sigmund misses you.
The blast of sand hits Sigmund.
Sigmund is heavily wounded.
Sigmund misses you.
The blast of sand hits Sigmund.
Sigmund is severely wounded.
You now have no stones remaining.
Sigmund closely misses you.
You don't have any stones to cast with.
You don't have any stones to cast with.
You don't have any stones to cast with.
You see here 11 stones.
c - 11 stones The blast of sand hits Sigmund.
Sigmund is severely wounded.
Sigmund hits you from afar with a +0 scythe.
The blast of sand hits Sigmund.
Sigmund is almost dead.
Sigmund gestures at you while chanting. The magic dart hits you.
* * * LOW HITPOINT WARNING * * *
You are too injured to fight recklessly!
Unknown command.
Sigmund gestures at you while chanting. The magic dart hits you.
You die...

#### # ... #. ..
#.##.#
.#.....####
.....≈.≈...# #
....≈.≈..#.#..##.
..≈≈.....@.......
#........#.#.####
......#.@#.#
##.#.....#.# #
...........#.##
..#........<...
#..#..#...######
...............
##.#.##...#####


You could see Sigmund.

Vanquished Creatures
  2 dart slugs (D:1)
  2 endoplasms (D:1)
  3 hobgoblins (D:1)
  A quokka (D:1)
  3 ball pythons (D:1)
  3 bats (D:1)
  3 frilled lizards (D:1)
  A goblin (D:1)
  A kobold (D:1)
  2 rats (D:1)
21 creatures vanquished.

Notes
Turn   | Place    | Note
-------+----------+-------------------------------------------
     0 | D:1      | AttackTheMoon the Spriggan Earth Elementalist began the
                  | quest for the Orb.
     0 | D:1      | Reached XP level 1. HP: 9/9 MP: 5/5
   196 | D:1      | Found a faded altar of an unknown god.
   307 | D:1      | Reached XP level 2. HP: 13/13 MP: 4/6
  1527 | D:1      | Became a worshipper of Vehumet
  1527 | D:1      | Reached * piety under Vehumet
  1527 | D:1      | Offered knowledge of Foxfire by Vehumet.
  1538 | D:2      | Noticed Sigmund
  1554 | D:2      | Killed from afar by Sigmund

Illustrated notes

Levels and vault maps discovered:
D:1:      lightli_arrival_boilingwater, layout_basic,
          ebering_ecumenical_altar_webs
D:2:      layout_basic, serial_shops, shop, serial_rivers,
          chequers_serial_rivers_small_b, chequers_serial_rivers_micro_c,
          chequers_serial_rivers_micro_c, chequers_serial_rivers_room_a,
          chequers_serial_rivers_micro_c, uniq_sigmund, uniq_robin

Skill      XL: |  1  2 |
---------------+-------+-----
Transmutations | 2 |  2.6
Dodging        | 3 |  3.1
Spellcasting   | 3 |  3.0
Stealth        | |  3.5
Earth Magic    | |  2.6

Action                   || total
-------------------------++-------
Melee: Dagger            ||     1
 Cast: Sandblast         ||    33
 Stab: Sleeping          ||     1
Dodge: Dodged            ||     6

Table legend: (Time is in decaauts)
 A = Elapsed time spent in this place.
 B = Non-inter-level travel time spent in this place.
 C = Inter-level travel time spent in this place.
 D = Time resting spent in this place.
 E = Time spent auto-exploring this place.
 F = Levels seen in this place.
 G = Mean time per level.
                   A        B        C        D        E       F      G
               +--------+--------+--------+--------+--------+-----+--------+
         Total |   1084 |    987 |     97 |      0 |    879 |   2 |  542.0 |
       Dungeon |   1084 |    987 |     97 |      0 |    879 |   2 |  542.0 |
               +--------+--------+--------+--------+--------+-----+--------+

Top non-repeatable levels by time:
     D:1: 1072 daAuts
     D:2: 12 daAuts
